Warning! The script has encountered some errors when parsing the replay. Please report them to the . » details
0x00, prev: 0x16: 16 02 01 00 71 82 00 00 A4 B7 00 00 [00] 00 00 00 00 00 00 00 00 00 00 00 00 00 00 00 00 00 00 00 00 00 00 00 04 00 04 11 00 18 00 03 1A 19 68 6C 70 4E 52 7C 00 00 04 90 03 00
0x00, prev: 0x00: 16 02 01 00 71 82 00 00 A4 B7 00 00 00 00 00 00 00 00 00 00 00 00 00 00 00 00 00 00 00 00 00 00 00 00 [00] 00 04 00 04 11 00 18 00 03 1A 19 68 6C 70 4E 52 7C 00 00 04 90 03 00
0x00, prev: 0x02: 16 02 01 00 69 7F 00 00 AD 9A 00 00 00 00 00 00 00 00 00 00 00 00 00 00 00 00 00 00 00 00 00 00 00 00 00 00 02 [00] 03 26 00 16 02 01 00 EC 7C 00 00 D9 FA 00 00 16 01 01 00 52 7C 00 00 04 90 03 00 1A 19 68 6C 70 4E 52 7C 00 00 04 90 03 00 01 11 00 18 00 03 1A 19 61 6C 62 4F 71 82 00 00 A4 B7 00 00
0x00, prev: 0x04: 16 02 01 00 71 82 00 00 A4 B7 00 00 00 00 00 00 00 00 00 00 00 00 00 00 00 00 00 00 00 00 00 00 00 00 00 00 04 [00] 04 11 00 18 00 03 1A 19 68 6C 70 4E 52 7C 00 00 04 90 03 00
General information
- name: BNet
- type: Ladder team game (AT/RT)
- host: Battle.net
- saver: KODOS_FORSAKEN
map: CentaurGrove
- players: 4
- length: 20:54
- speed: Fast
- version: 1.23 W3XP
- replay type: Public
» download(126 KB)
Players
team 1 (winner)
Ke-DiEoxidE (
orange | 163 APM | 3411 actions | 20:52)
5 Blademaster
3 Critical Strike
2 Wind Walk
3 Shadow Hunter
1 Hex
2 Serpent Ward
» actions
| Assign group hotkey | 69 | |
| Basic commands | 257 | |
| Build / train | 65 | |
| Enter build submenu | 14 | |
| Enter hero's abilities submenu | 9 | |
| Give item / drop item | 2 | |
| Right click | 1462 | |
| Select / deselect | 396 | |
| Select group hotkey | 1039 | |
| Use ability | 98 | |
3411 total
» units
| Peon | 7 | |
| Grunt | 12 | |
| Spirit Walker | 8 | |
| Kodo Beast | 3 | |
| Tauren | 2 | |
32 total
» upgrades
| Berserker Strength | 1 | |
| Armor | 2 | |
| Melee Weapons | 2 | |
| Spirit Walker Training | 2 | |
| War Drums Damage Increase | 1 | |
| Pulverize | 1 | |
9 total
» buildings
| Altar of Storms | 1 | |
| Orc Burrow | 4 | |
| Barracks | 1 | |
| Voodoo Lounge | 2 | |
| Stronghold | 1 | |
| War Mill | 1 | |
| Spirit Lodge | 2 | |
| Fortress | 1 | |
| Beastiary | 1 | |
| Tauren Totem | 1 | |
| Great Hall | 1 | |
16 total
» build order
00:06 Altar of Storms
00:20 Orc Burrow
00:35 Barracks
01:32 Orc Burrow
01:50 Voodoo Lounge
03:11 Stronghold
03:57 Orc Burrow
04:23 War Mill
04:48 Orc Burrow
05:46 Spirit Lodge
06:46 Spirit Lodge
09:01 Fortress
09:20 Beastiary
13:30 Voodoo Lounge
14:01 Tauren Totem
16:51 Great Hall
» items
| Lesser Clarity Potion | 3 | |
| Potion of Healing | 1 | |
| Healing Salve | 4 | |
| Scroll of Town Portal | 2 | |
| Orb of Lightning | 2 | |
12 total

»
KODOS_FORSAKEN (
green | 119 APM | 2485 actions | 20:54)
6 Keeper of the Grove
3 Entangling Roots
2 Thorns Aura
1 Tranquility
» actions
| Assign group hotkey | 354 | |
| Basic commands | 39 | |
| Build / train | 81 | |
| Enter build submenu | 15 | |
| Enter hero's abilities submenu | 6 | |
| Give item / drop item | 2 | |
| Right click | 975 | |
| Select / deselect | 384 | |
| Select group hotkey | 532 | |
| Use ability | 97 | |
2485 total
» units
» upgrades
| Moon Armor | 1 | |
| Strength of the Moon | 1 | |
| Strength of the Wild | 3 | |
| Reinforced Hides | 2 | |
| Abolish Magic | 1 | |
8 total
» buildings
| Altar of Elders | 1 | |
| Moon Well | 5 | |
| Hunter's Hall | 1 | |
| Ancient of War | 2 | |
| Tree of Ages | 1 | |
| Tree of Life | 3 | |
| Ancient of Lore | 2 | |
| Ancient of Wonders | 1 | |
| Tree of Eternity | 3 | |
19 total
» build order
00:08 Altar of Elders
00:19 Moon Well
01:28 Hunter's Hall
01:53 Ancient of War
02:08 Ancient of War
02:17 Moon Well
02:28 Moon Well
04:17 Moon Well
07:21 Tree of Ages
08:00 Tree of Life
09:17 Moon Well
09:45 Ancient of Lore
10:01 Ancient of Lore
11:20 Ancient of Wonders
14:13 Tree of Life
16:09 Tree of Life
16:47 Tree of Eternity
16:48 Tree of Eternity
16:48 Tree of Eternity
» items
| Scroll of Town Portal | 4 | |
| Potion of Healing | 2 | |
| Healing Salve | 1 | |
| Potion of Lesser Invulnerability | 1 | |
| Anti-magic Potion | 1 | |
| Orb of Venom | 1 | |
| Staff of Preservation | 1 | |
11 total
team 2 (loser)
OrBzs (
yellow | 28 APM | 588 actions | 20:46)
2 Demon Hunter
1 Mana Burn
1 Evasion
» actions
| Build / train | 14 | |
| Enter build submenu | 3 | |
| Enter hero's abilities submenu | 3 | |
| Right click | 362 | |
| Select / deselect | 155 | |
| Use ability | 51 | |
588 total
» units
| Wisp | 7 | |
| Razormane Medicine Man | 1 | |
8 total
» buildings
| Altar of Elders | 1 | |
| Moon Well | 2 | |
3 total
» build order
00:17 Altar of Elders
00:31 Moon Well
07:47 Moon Well
» items
| Potion of Healing | 1 | |
| Rod of Necromancy | 1 | |
2 total
play2cmaker (
red | 156 APM | 3265 actions | 20:52)
4 Death Knight
2 Death Coil
1 Death Pact
1 Unholy Aura
3 Lich
2 Frost Nova
1 Dark Ritual
3 Pit Lord
1 Rain of Fire
2 Cleaving Attack
» actions
| Assign group hotkey | 32 | |
| Basic commands | 287 | |
| Build / train | 71 | |
| ESC pressed | 6 | |
| Enter build submenu | 23 | |
| Enter hero's abilities submenu | 10 | |
| Give item / drop item | 2 | |
| Right click | 515 | |
| Select / deselect | 825 | |
| Select group hotkey | 1431 | |
| Use ability | 63 | |
3265 total
» units
| Acolyte | 2 | |
| Ghoul | 3 | |
| Crypt Fiend | 20 | |
| Frost Wyrm | 10 | |
35 total
» upgrades
| Creature Attack | 3 | |
| Creature Carapace | 2 | |
| Web | 1 | |
| Freezing Breath | 1 | |
7 total
» buildings
| Crypt | 2 | |
| Ziggurat | 8 | |
| Graveyard | 1 | |
| Altar of Darkness | 1 | |
| Tomb of Relics | 1 | |
| Nerubian Tower | 1 | |
| Halls of the Dead | 1 | |
| Spirit Tower | 6 | |
| Black Citadel | 1 | |
| Sacrificial Pit | 1 | |
| Boneyard | 3 | |
26 total
» build order
00:09 Crypt
00:13 Crypt
00:16 Ziggurat
00:35 Graveyard
00:59 Altar of Darkness
01:15 Ziggurat
01:50 Tomb of Relics
02:07 Nerubian Tower
02:22 Ziggurat
02:24 Ziggurat
03:14 Halls of the Dead
03:47 Spirit Tower
03:49 Ziggurat
05:37 Black Citadel
06:19 Sacrificial Pit
06:30 Ziggurat
06:34 Ziggurat
06:35 Ziggurat
08:18 Boneyard
08:30 Boneyard
08:33 Boneyard
15:13 Spirit Tower
15:13 Spirit Tower
15:51 Spirit Tower
15:53 Spirit Tower
16:39 Spirit Tower
» items
| Rod of Necromancy | 1 | |
| Dust of Appearance | 1 | |
| Scroll of Town Portal | 1 | |
| Potion of Healing | 1 | |
| Orb of Corruption | 1 | |
5 total
Chat log
(00:42 / All) KODOS_FORSAKEN: sup ne ud trash
(01:02 / All) OrBzs: yo
(01:05 / All) OrBzs: wats good
(02:37 / Allies) KODOS_FORSAKEN: feed
(03:52 / All) KODOS_FORSAKEN: idiot
(05:30 / Allies) KODOS_FORSAKEN: b
(07:41 / Allies) KODOS_FORSAKEN: shop then elf
(09:12 / Allies) KODOS_FORSAKEN: wyrms soon ill bet
(09:38 / Allies) KODOS_FORSAKEN: b
(10:25 / Allies) KODOS_FORSAKEN: b
(10:26 / Allies) KODOS_FORSAKEN: bad pos
(11:11 / Allies) KODOS_FORSAKEN: b
(12:26 / Allies) KODOS_FORSAKEN: sec
(12:35 / Allies) KODOS_FORSAKEN: gogog
(13:55 / Allies) Ke-DiEoxidE: got dh
(13:57 / Allies) KODOS_FORSAKEN: k
(15:34 / Allies) KODOS_FORSAKEN: go around
(15:48 / Allies) KODOS_FORSAKEN: lol
(15:51 / Allies) KODOS_FORSAKEN: hackers
(16:22 / Allies) KODOS_FORSAKEN: yards and back?
(16:25 / Allies) KODOS_FORSAKEN: towers uip
(16:29 / Allies) Ke-DiEoxidE: ya
(17:47 / Allies) KODOS_FORSAKEN: lol
(17:53 / All) KODOS_FORSAKEN: silly hackers
(18:31 / All) OrBzs: how is a hack when he seen ur jodo and chased it
(18:39 / All) KODOS_FORSAKEN: kid its pretty obvious you haxck
(19:07 / Allies) KODOS_FORSAKEN: wood?
(19:09 / All) OrBzs: nah my dude
(19:21 / All) KODOS_FORSAKEN: dont speak you worthless feeding trash
(19:29 / All) OrBzs: lol?
(20:35 / All) KODOS_FORSAKEN: bye